 Dungeon Crawl Stone Soup version 0.23.0-3-gf3c87f2df8 (webtiles) character file.

Game seed: 12512638289530488638

26006 Kass the Unseen (level 12, -2/62 HPs)
             Began as a Spriggan Enchanter on Feb 22, 2019.
             Was an Initiate of Gozag.
             Killed from afar by an ogre mage (19 damage)
             ... with a bolt of cold
             ... on level 2 of the Orcish Mines.
             The game lasted 01:09:18 (17547 turns).

Kass the Unseen (Spriggan Enchanter)               Turns: 17547, Time: 01:09:18

Health: -2/62      AC:  6    Str:  6    XL:     12   Next: 94%
Magic:  20/23      EV: 46    Int: 18    God:    Gozag
Gold:   2930       SH:  0    Dex: 21    Spells: 6/25 levels left

rFire    . . .     SeeInvis +   O - +6 rapier "Killer Klown's Regret" {freeze, rPois Str-2 SInv}
rCold    . . .     Gourm    .   (shield restricted)
rNeg     + . .     Faith    .   w - +2 robe {MR+}
rPois    +         Spirit   .   D - +0 hat "Gasuaz" {Dex+5}
rElec    .         Reflect  .   k - +1 cloak
rCorr    .         Harm     .   (gloves unavailable)
MR       +++..                  (boots unavailable)
Stlth    ++++++....             f - amulet of the acrobat
HPRegen  0.20/turn              i - ring of positive energy
MPRegen  0.18/turn              (no ring)

@: gold aura, acrobat, very slightly contaminated, invisible, very quick
A: very small, unfitting armour, see invisible, herbivore, speed 3, slow
metabolism 2
a: Potion Petition, Call Merchant, Bribe Branch, Renounce Religion


You were on level 2 of the Orcish Mines.
You worshipped Gozag.
Gozag was most pleased with you.
You were not hungry.

You visited 3 branches of the dungeon, and saw 15 of its levels.

You collected 3005 gold pieces.
You paid 75 gold pieces to Gozag.

Inventory:

Hand Weapons
 a - a +2 dagger
 A - a +0 blowgun
 O - the +6 rapier "Killer Klown's Regret" (weapon) {freeze, rPois Str-2 SInv}
   (You found it on level 12 of the Dungeon)

   It has been specially enchanted to freeze those struck by it, causing extra
   injury to most foes and up to half again as much damage against particularly
   susceptible opponents.
   It can also slow down cold-blooded creatures.
   It affects your strength (-2).
   It protects you from poison.
   It lets you see invisible.
Missiles
 B - 5 poisoned needles
Armour
 b - a +0 robe
 c - a +0 buckler
 k - a +1 cloak (worn)
 w - a +2 robe of magic resistance (worn)
 y - a +2 robe of fire resistance
 D - the +0 hat "Gasuaz" (worn) {Dex+5}
   (You found it on level 7 of the Dungeon)

   It affects your dexterity (+5).
 J - a +0 robe of cold resistance
Magical Staves
 E - an uncursed staff of earth
Jewellery
 f - an amulet of the acrobat (around neck)
 i - a ring of positive energy (left hand)
 l - a +6 amulet of reflection
 N - the ring of Umeklurph {Wiz *Contam rN+ Stlth+}
   (You took it off a vampire on level 12 of the Dungeon)

   [ring of wizardry]

   It improves your spell success rate.
   It protects you from negative energy.
   It causes magical contamination when unequipped.
   It makes you more stealthy.
 Q - an uncursed amulet of guardian spirit
Wands
 x - a wand of paralysis (12)
 F - a wand of disintegration (5)
 H - a wand of acid (4)
Scrolls
 e - a scroll of identify
 g - 10 scrolls of remove curse
 m - a scroll of holy word {unknown}
 q - a scroll of magic mapping
 r - 3 scrolls of teleportation
 s - 3 scrolls of blinking
 u - a scroll of amnesia
 L - a scroll of enchant weapon
 M - a scroll of vulnerability {unknown}
Potions
 h - 2 potions of brilliance
 n - a potion of degeneration
 o - a potion of cancellation
 p - 2 potions of heal wounds
 t - a potion of flight
 v - 4 potions of curing
 z - a potion of magic
 C - 3 potions of haste
 I - 2 potions of agility
 K - 2 potions of lignification
Miscellaneous
 j - a fan of gales
 G - a lamp of fire
 P - a crystal ball of energy
Comestibles
 d - 10 rations


   Skills:
 + Level 6.7 Fighting
 + Level 9.5 Short Blades
 + Level 12.8 Dodging
 + Level 15.2 Stealth
 + Level 3.0 Shields
 + Level 7.2 Spellcasting
 + Level 12.2 Hexes
 + Level 6.2 Evocations


You had 6 spell levels left.
You knew the following spells:

 Your Spells              Type           Power        Failure   Level  Hunger
a - Corona                Hex            ######.      1%          1    None
b - Ensorcelled Hibernat  Hex/Ice        ####..       1%          2    None
c - Confuse               Hex            ######..     1%          3    #......
d - Cause Fear            Hex            ######....   1%          4    ###....
e - Slow                  Hex            ######..     1%          2    None
f - Invisibility          Hex            ######..     11%         6    ######.
g - Summon Butterflies    Summ           #.......     11%         1    None

Your spell library contained the following spells:

 Spells                   Type           Power        Failure   Level  Hunger
 Tukima's Dance           Hex            ######..     1%          3    #......
 Dazzling Spray           Conj/Hex       ####..       2%          3    #......
 Inner Flame              Hex/Fire       ####....     2%          3    #......
 Portal Projectile        Hex/Tloc       ####..       2%          3    #......
 Fulminant Prism          Conj/Hex       ####......   9%          4    ###....
 Leda's Liquefaction      Hex/Erth       ####......   9%          4    ###....
 Apportation              Tloc           #.....       11%         1    None
 Magic Dart               Conj           #...         11%         1    None
 Searing Ray              Conj           #.....       16%         2    None
 Lesser Beckoning         Tloc           #.........   32%         3    #......
 Force Lance              Conj/Tloc      #.......     71%         4    ###....
 Iskenderun's Mystic Bla  Conj           #.......     71%         4    ###....
 Alistair's Intoxication  Tmut/Pois      #.......     96%         5    #####..
 Bolt of Magma            Conj/Fire/Erth #.........   96%         5    #####..
 Iskenderun's Battlesphe  Conj/Chrm      #.......     96%         5    #####..
 Venom Bolt               Conj/Pois      #.........   96%         5    #####..
 Iron Shot                Conj/Erth      #.........   100%        6    ######.
 Orb of Destruction       Conj           #.........   100%        7    #######
 Spellforged Servitor     Conj/Summ      #.........   100%        7    #######


Dungeon Overview and Level Annotations

Branches:
Dungeon (12/15)            Temple (1/1) D:5            Lair (0/6) D:10
    Orc (2/2) D:12
    Elf: Orc:2

Altars:
Ashenzari
Cheibriados
Dithmenos
Elyvilon
Fedhas
Gozag
Hepliaklqana
Kikubaaqudgha
Makhleb
Nemelex Xobeh
Okawaru
Qazlal
Ru
Sif Muna
Trog
Uskayaw
Vehumet
Wu Jian
Xom
Yredelemnul
Zin
The Shining One
Beogh

Shops:
D:4 :


Innate Abilities, Weirdness & Mutations

You are very small and have problems with some larger weapons.
You are too small for most types of armour.
You have supernaturally acute eyesight. (SInv)
You are a herbivore.
You cover ground extremely quickly.
You need to consume almost no food.


Message History

The ogre completely misses you.
Unknown command.
You hit the ogre. You freeze the ogre.
You kill the ogre!
The ogre becomes distracted by the nearby gold, dreaming of imaginary riches.
The ogre mage casts a spell at you. The crystal spear hits you!!
Ouch! That really hurt!
* * * LOW HITPOINT WARNING * * *
The two-headed ogre becomes distracted by the nearby gold, dreaming of imaginary riches.
The ogre becomes distracted by the nearby gold, dreaming of imaginary riches.
The ogre shouts!
The two-headed ogre shouts in stereo!
You hear two shouts!
You hear a shout!
The two-headed ogre is no longer distracted by gold.
Items here: $ ) [[ 11 gold pieces; a +0 scale mail; a +0 robe; a +0 dagger The ogre mage gestures at you while chanting.
The bolt of cold hits you!!
You die...
Your body crumbles into a pile of gold.

##.........##........
#....#..$............ $
....................# ##.
....................##...
.......$........O.O.#...O
._............O.O......OO
....o##..O..$$..OO....O
......#..$$.$.$OOo..# .
#..$@$$...O....#
#####..........##
$####........# $$$
##..O....... $$
#........... $$$
#..........# $$
#........... $$
#........... $$
.<.......#.


You could see 3 two-headed ogres, an ogre mage and 5 ogres.

Vanquished Creatures
  Erolcha (D:10)
  A hydra (D:11)
  9 two-headed ogres
  3 death yaks (D:10)
  A deep elf archer (D:12)
  Pikel (D:7)
  The ghost of yrara the Cudgeler, a novice DsFi of Gozag (D:7)
  2 deep elf magi
  3 ugly things
  An orc sorcerer (Orc:2)
  A kobold demonologist (D:11)
  5 trolls
  A hornet (D:8)
  5 hippogriffs
  2 wraiths
  3 wyverns
  2 vampires
  A human (D:7)
  4 hogs (D:7)
  A hungry ghost (D:9)
  11 yaks
  2 wargs
  2 soldier ants
  A black bear (D:10)
  9 orc warriors
  2 slaves (D:7)
  6 sky beasts
  5 phantoms
  An eye of draining (D:12)
  A necrophage (D:8)
  8 ogres
  11 centaurs
  A crocodile (D:12)
  2 big kobolds
  4 bullfrogs
  19 killer bees
  5 wights (D:12)
  3 electric eels (D:8)
  5 crimson imps
  3 bullfrog zombies
  A quasit (D:6)
  5 hounds
  2 jellies
  12 orc wizards
  A bullfrog skeleton (D:7)
  9 orc priests
  2 centaur skeletons
  Natasha (thrice) (D:2)
  5 iguanas
  A hell rat (D:10)
  7 worker ants
  A bullfrog simulacrum (D:12)
  2 hound zombies
  A hound skeleton (D:6)
  2 howler monkey zombies
  Robin (D:2)
  12 adders
  4 gnolls (D:6)
  A howler monkey skeleton (D:5)
  A river rat (D:10)
  5 shadow imps
  An ooze (D:6)
  4 adder skeletons
  3 dart slugs
  2 leopard geckos
  45 orcs
  3 ball pythons
  4 giant cockroaches
  14 goblins
  15 hobgoblins
  8 jackals
  10 kobolds
  2 quokkas
  7 bats
  3 frilled lizards
  A jackal skeleton (D:4)
  A jackal zombie (D:5)
  4 rats
354 creatures vanquished.

Vanquished Creatures (others)
  2 slaves (D:7)
  A scorpion (D:7)
  2 kobolds (D:7)
5 creatures vanquished.

Grand Total: 359 creatures vanquished

Notes
Turn   | Place    | Note
-------+----------+-------------------------------------------
     0 | D:1      | Kass the Spriggan Enchanter began the quest for the Orb.
     0 | D:1      | Reached XP level 1. HP: 9/9 MP: 5/5
   628 | D:1      | Reached skill level 5 in Stealth
   628 | D:1      | Reached XP level 2. HP: 13/13 MP: 4/6
   680 | D:1      | Learned a level 2 spell: Ensorcelled Hibernation
  1362 | D:1      | Reached XP level 3. HP: 14/16 MP: 8/8
  1453 | D:2      | Noticed Natasha
  1613 | D:2      | Killed Natasha
  1613 | D:2      | Reached skill level 6 in Stealth
  1921 | D:2      | Noticed Natasha
  2004 | D:2      | Reached XP level 4. HP: 18/21 MP: 2/9
  2062 | D:2      | Found a bloodstained altar of Trog.
  2067 | D:2      | Found an ancient bone altar of Kikubaaqudgha.
  2069 | D:2      | Found a deep blue altar of Sif Muna.
  2111 | D:2      | Noticed Robin
  2128 | D:2      | Killed Robin
  2128 | D:2      | Reached skill level 5 in Hexes
  2162 | D:2      | Learned a level 3 spell: Confuse
  2786 | D:2      | Killed Natasha
  2786 | D:2      | Reached skill level 7 in Stealth
  2869 | D:2      | Noticed Natasha
  2897 | D:2      | Killed Natasha
  2897 | D:2      | Reached XP level 5. HP: 14/24 MP: 8/10
  3123 | D:3      | Noticed a sky beast
  3133 | D:3      | Killed a sky beast
  3133 | D:3      | Reached skill level 8 in Stealth
  3196 | D:3      | Reached XP level 6. HP: 27/28 MP: 8/11
  4070 | D:4      | Found Sainn's Book Boutique.
  4849 | D:5      | Entered Level 5 of the Dungeon
  4911 | D:5      | Reached XP level 7. HP: 22/32 MP: 12/12
  5064 | D:5      | Found a staircase to the Ecumenical Temple.
  5076 | D:5      | Reached skill level 9 in Stealth
  5083 | Temple   | Entered the Ecumenical Temple
  5214 | Temple   | Became a worshipper of Gozag Ym Sagoz the Greedy
  5260 | D:5      | Reached skill level 5 in Dodging
  6737 | D:6      | Found a burning altar of Makhleb.
  6840 | D:6      | Reached skill level 10 in Stealth
  6840 | D:6      | Reached XP level 8. HP: 36/36 MP: 6/13
  7783 | D:6      | Found a sparkling altar of Nemelex Xobeh.
  7785 | D:6      | Found a white marble altar of Elyvilon.
  8419 | D:7      | Found a stormy altar of Qazlal.
  8422 | D:7      | Noticed an air elemental
  8441 | D:7      | Noticed Pikel
  8445 | D:7      | Killed Pikel
  8445 | D:7      | Reached skill level 1 in Fighting
  8445 | D:7      | Reached skill level 11 in Stealth
  8451 | D:7      | Reached XP level 9. HP: 42/42 MP: 11/14
  8763 | D:7      | Found a runed translucent gate.
  8764 | D:7      | Found a runed translucent gate.
  8765 | D:7      | Found a runed translucent gate.
  8767 | D:7      | Noticed yrara's ghost (novice DsFi)
  8771 | D:7      | Found a roughly hewn altar of Beogh.
  9324 | D:7      | Reached skill level 5 in Short Blades
  9705 | D:7      | Reached skill level 12 in Stealth
 10083 | D:7      | Killed yrara's ghost
 10302 | D:7      | Got a heavily runed hat
 10308 | D:7      | Identified the cursed +0 hat "Gasuaz" {Dex+5} (You found it
                  | on level 7 of the Dungeon)
 10313 | D:7      | Learned a level 4 spell: Cause Fear
 10362 | D:8      | Reached XP level 10. HP: 49/49 MP: 15/15
 10556 | D:8      | Noticed a two-headed ogre
 10588 | D:8      | Killed a two-headed ogre
 10588 | D:8      | Reached skill level 10 in Dodging
 10588 | D:8      | Reached skill level 10 in Hexes
 11822 | D:9      | Reached skill level 13 in Stealth
 12155 | D:9      | You fall through a shaft for 3 floors!
 12156 | D:12     | Noticed a cyan ugly thing
 12163 | D:12     | Killed a cyan ugly thing
 12447 | D:10     | Entered Level 10 of the Dungeon
 12452 | D:10     | Noticed a deep elf mage
 12460 | D:10     | Killed a deep elf mage
 12460 | D:10     | Reached XP level 11. HP: 54/54 MP: 14/18
 12483 | D:10     | Noticed Erolcha
 12684 | D:9      | Noticed a two-headed ogre
 12817 | D:9      | Noticed a deep elf mage
 12825 | D:9      | Killed a deep elf mage
 12825 | D:9      | Reached skill level 5 in Fighting
 12875 | D:9      | Killed a two-headed ogre
 13010 | D:9      | Learned a level 2 spell: Slow
 13179 | D:9      | Reached skill level 1 in Evocations
 13333 | D:9      | Learned a level 6 spell: Invisibility
 13460 | D:10     | Noticed a death yak
 13460 | D:10     | Noticed a death yak
 13460 | D:10     | Noticed a two-headed ogre
 13534 | D:10     | Killed Erolcha
 13534 | D:10     | Reached skill level 14 in Stealth
 13804 | D:10     | Found a staircase to the Lair.
 13815 | D:10     | Noticed a death yak
 14106 | D:10     | Killed a two-headed ogre
 14106 | D:10     | Reached skill level 5 in Spellcasting
 14459 | D:10     | Killed a death yak
 14572 | D:10     | Killed a death yak
 14578 | D:10     | Killed a death yak
 14578 | D:10     | Reached skill level 1 in Shields
 14710 | D:11     | Noticed a brown ugly thing
 14712 | D:11     | Killed a brown ugly thing
 14847 | D:11     | Noticed a two-headed ogre
 14854 | D:11     | Killed a two-headed ogre
 14862 | D:11     | Reached XP level 12. HP: 60/60 MP: 21/21
 14887 | D:11     | Noticed a two-headed ogre
 14894 | D:11     | Killed a two-headed ogre
 14923 | D:11     | Noticed a five-headed hydra
 14928 | D:11     | Killed a five-headed hydra
 15407 | D:11     | Learned a level 1 spell: Summon Butterflies
 15467 | D:12     | Identified the ring of Umeklurph {Wiz *Contam rN+ Stlth+}
 15527 | D:12     | Got a dazzling rapier
 15528 | D:12     | Identified the +6 rapier "Killer Klown's Regret" {freeze,
                  | rPois Str-2 SInv} (You found it on level 12 of the Dungeon)
 15767 | D:11     | Noticed a two-headed ogre
 15771 | D:11     | Killed a two-headed ogre
 15771 | D:11     | Reached skill level 5 in Evocations
 16777 | D:12     | Noticed a two-headed ogre
 16785 | D:12     | Killed a two-headed ogre
 16785 | D:12     | Reached skill level 15 in Stealth
 16830 | D:12     | Found a staircase to the Orcish Mines.
 16904 | Orc:1    | Entered Level 1 of the Orcish Mines
 17254 | Orc:2    | Entered Level 2 of the Orcish Mines
 17258 | Orc:2    | Found a roughly hewn altar of Beogh.
 17270 | Orc:2    | Noticed a two-headed ogre
 17272 | Orc:2    | Noticed a two-headed ogre
 17289 | Orc:2    | Noticed an ogre mage
 17320 | Orc:1    | Killed a two-headed ogre
 17511 | Orc:2    | Noticed a two-headed ogre
 17511 | Orc:2    | Noticed a two-headed ogre
 17519 | Orc:2    | Noticed a two-headed ogre
 17541 | Orc:2    | Noticed a two-headed ogre
 17542 | Orc:2    | Killed a two-headed ogre
 17547 | Orc:2    | Killed from afar by an ogre mage

Skill      XL: |  1  2  3  4  5  6  7  8  9 10 11 12 |
---------------+-------------------------------------+-----
Hexes          | 4 5 6 7 8 9 10 11 12 | 12.2
Stealth        | 5 6 7 8 10 11 12 13 14 15 | 15.2
Dodging        | 4 6 8 9 10 12 | 12.8
Short Blades   | 2 4 6 7 8 9 |  9.5
Fighting       | 1 3 4 5 6 |  6.7
Spellcasting   | 4 5 7 |  7.2
Evocations     | 3 6 |  6.2
Shields        | 1 3 |  3.0

Action                   |  1- 3 |  4- 6 |  7- 9 | 10-12 || total
-------------------------+-------+-------+-------+-------++-------
Melee: Dagger            |    87 |   171 |   271 |   241 ||   770
       Rapier            |       |       |       |   121 ||   121
 Cast: Corona            |    12 |       |       |       ||    12
       Ensorcelled Hiber |    24 |    25 |   113 |   175 ||   337
       Confuse           |       |    10 |    33 |    44 ||    87
       Invisibility      |       |       |       |     3 ||     3
  Use: Scroll            |       |       |       |    24 ||    24
 Stab: Sleeping          |    16 |    26 |    62 |   123 ||   227
       Confused          |       |     5 |    23 |    32 ||    60
       Distracted        |       |       |     2 |     3 ||     5
       Invisible         |       |       |       |    13 ||    13
  Eat: Ration            |     1 |     2 |     8 |     9 ||    20
Armor: Robe              |    10 |    10 |    23 |     9 ||    52
Dodge: Dodged            |    76 |   117 |   245 |   244 ||   682
